Map: Efflorescence LE

Players

qqq

  • Race: Protoss Protoss
  • Spawn Location: 9:00

Massa

  • Race: Terran Terran
  • Spawn Location: 6:00

LINK - Winner!

  • Race: Protoss Protoss
  • Spawn Location: 12:00

SoldierS - Winner!

  • Race: Zerg Zerg
  • Spawn Location: 3:00

VOD

Have the link to the VOD?

Description

Time

  • Played on: June 19, 2020, 6:03 p.m.
  • Length: 7:04
Show
View Real Time Build Order
Export as new Build Order

qqq Protoss 

Build Orders:  

Get SALT Encoding   

  12  0:11  Pylon  
  12  0:14  Probe  
  13  0:31  Forge  
  13  0:35  Probe  
  14  1:04  Pylon  
  14  1:12  Probe  
  15  1:24  Probe, Photon Cannon  
  16  1:39  Pylon  
  16  1:45  Pylon  
  15  1:57  Pylon  
  15  2:15  Gateway  
  14  2:20  Probe  
  15  2:22  Assimilator  
  15  2:32  Probe  
  16  2:44  Probe  
  17  2:56  Probe  
  17  2:57  Pylon  
  18  3:08  Probe  
  19  3:20  Probe  
  19  3:22  Photon Cannon  
  19  3:25  Cybernetics Core  
  20  3:44  Pylon  
  20  3:53  Nexus  
  20  3:55  Photon Cannon  
  20  3:58  Photon Cannon  
  20  4:10  Photon Cannon  
  20  4:35  Robotics Facility  
  18  5:04  Zealot  
  19  5:14  Probe  
  19  5:17  Photon Cannon  
  20  5:21  Probe  
  21  5:31  Stalker  
  21  5:33  Probe x2  
  25  5:45  Probe x2  
  27  5:56  Photon Cannon  
  27  6:03  Immortal  
  31  6:06  Probe  
  32  6:19  Probe  
  33  6:31  Probe  
  34  6:33  Stargate  
  34  6:34  Pylon  
  34  6:35  Photon Cannon  
Show
View Real Time Build Order
Export as new Build Order

Massa Terran 

Build Orders:  

Get SALT Encoding   

  12  0:10  Supply Depot  
  12  0:13  SCV  
  13  0:32  Barracks  
  13  0:35  SCV  
  14  0:47  SCV  
  15  0:59  SCV  
  16  1:10  Barracks  
  16  1:17  SCV  
  17  1:25  Marine  
  16  1:29  SCV  
  16  1:30  Refinery  
  18  1:43  Marine  
  19  1:59  SCV, Supply Depot  
  19  2:01  Marine  
  20  2:04  Barracks  
  20  2:11  SCV  
  21  2:19  Marine  
  21  2:33  Barracks  
  21  2:36  Marine  
  22  2:37  Supply Depot  
  21  2:54  Marine  
  21  3:12  Marine  
  22  3:18  Marine  
  22  3:30  Marine  
  23  3:36  Marine, Command Center  
  23  3:40  Marine  
  25  3:48  Marine  
  26  3:54  Marine  
  27  3:58  Marine  
  28  4:03  Factory  
  28  4:05  Marine  
  28  4:12  Marine  
  28  4:21  Marine  
  28  4:23  Marine  
  30  4:30  Marine  
  30  4:39  Marine  
  30  4:41  Bunker  
  31  4:50  Marine x2  
  33  4:54  Factory Tech Lab  
  33  4:56  Marine  
  34  5:08  Marine x2  
  34  5:11  SCV  
  37  5:14  Marine  
  38  5:23  SCV  
  38  5:26  Marine x2  
  41  5:30  Siege Tank  
  41  5:32  Marine  
  45  5:40  Refinery  
  43  5:44  Marine x2  
  44  5:50  Marine  
  45  6:01  Marine  
  40  6:31  Engineering Bay  
Show
View Real Time Build Order
Export as new Build Order

LINK Protoss - Winner!

Build Orders:  

Get SALT Encoding   

  12  0:01  Probe  
  13  0:13  Probe  
  14  0:19  Pylon  
  14  0:25  Probe  
  15  0:37  Probe  
  15  0:40  Gateway  
  16  1:36  Cybernetics Core  
  16  1:38  Assimilator  
  16  1:52  Gateway  
  16  2:00  Pylon  
  14  2:15  Zealot  
  15  2:32  Pylon  
  15  2:35  Warp Gate  
  15  2:38  Assimilator  
  15  2:41  Stalker  
  17  3:03  Pylon  
  17  3:24  Stalker x2  
  19  3:37  Probe  
  22  3:50  Probe  
  23  3:58  Stalker  
  25  4:03  Probe  
  26  4:35  Stalker  
  28  4:48  Stalker  
  30  4:53  Robotics Facility  
  30  5:09  Probe  
  31  5:19  Forge  
  31  5:23  Pylon  
  31  5:41  Probe  
  26  5:59  Stalker  
  26  6:00  Stalker  
  26  6:03  Probe  
  31  6:11  Probe  
  32  6:26  Probe  
  33  6:45  Nexus  
  33  6:49  Probe  
  34  7:04  Twilight Council  
Show
View Real Time Build Order
Export as new Build Order

SoldierS Zerg - Winner!

Build Orders: Hatch First 

Get SALT Encoding   

  12  0:03  Drone  
  13  0:09  Drone  
  14  0:15  Extractor  
  14  0:16  Drone  
  14  0:19  Extractor  
  13  0:22  Drone  
  16  0:28  Overlord  
  16  0:48  Drone x2  
  18  1:04  Hatchery  
  17  1:14  Spawning Pool  
  17  1:16  Drone  
  17  1:18  Drone  
  18  1:28  Drone  
  19  1:36  Extractor  
  19  1:38  Drone  
  19  1:39  Extractor  
  18  2:02  Queen  
  18  2:03  Drone x2  
  22  2:17  Drone x2  
  22  2:20  Queen  
  22  2:21  Drone  
  27  2:35  Zergling x2  
  28  2:38  Metabolic Boost  
  28  2:47  Overlord  
  28  2:53  Lair  
  28  2:55  Spore Crawler  
  28  2:56  Drone x2  
  28  3:09  Drone x3  
  31  3:20  Zergling x4  
  31  3:21  Zergling x4  
  35  3:31  Overlord  
  35  3:35  Spore Crawler  
  35  3:37  Drone  
  35  3:38  Drone  
  36  3:59  Zergling x6  
  36  4:00  Spire  
  38  4:03  Drone x3  
  36  4:55  Overlord x3  
  36  4:59  Extractor  
  35  5:00  Extractor  
  35  5:01  Zergling x4  
  35  5:02  Zergling x8  
  40  5:11  Overlord  
  40  5:28  Mutalisk x3  
  42  5:30  Mutalisk x3  
  42  5:31  Mutalisk  
  45  5:53  Mutalisk x2  
  49  6:03  Mutalisk  
  51  6:04  Mutalisk  
  51  6:10  Drone x2  
  55  6:11  Drone x3  
  55  6:12  Drone x3  
Tags
 
Add a new tag
Caveats
  • Supply blocks, unpowered buildings, or Contaminate may cause inaccurate times.
  • Supply counts are checked every 10 seconds.